 Dungeon Crawl Stone Soup version 0.29.1-2-gbd0b4ee654 (webtiles) character file.

Game seed: 3308840066387379740

872 Lutefisk the Gusty (level 8, -5/49 HPs)
             Began as a Tengu Air Elementalist on Oct 29, 2022.
             Was a Believer of Vehumet.
             Engulfed by a steam dragon's steam (13 damage)
             ... on level 6 of the Dungeon.
             The game lasted 00:24:38 (2952 turns).

Lutefisk the Gusty (Tengu Air Elementalist)         Turns: 2952, Time: 00:24:38

Health: -5/49      AC:  3    Str: 15    XL:     8   Next: 4%
Magic:  7/13       EV: 15    Int: 18    God:    Vehumet [**....]
Gold:   204        SH:  0    Dex: 14    Spells: 3/13 levels left

rFire   . . .      SeeInvis .   y - +0 dagger (venom)
rCold   . . .      Faith    .   (no shield)
rNeg    . . .      Spirit   .   a - +0 robe
rPois   .          Reflect  .   (helmet restricted)
rElec   .          Harm     .   (no cloak)
rCorr   .          Rampage  .   F - +0 pair of gloves
Will    .....                   (boots unavailable)
Stlth   ++........              e - amulet of the acrobat
HPRegen 0.16/turn               x - +6 ring of strength
MPRegen 0.13/turn               (no ring)

@: flying quickly and evasively, quick
A: beak, talons 3, nimble flight
a: Renounce Religion


You were on level 6 of the Dungeon.
You worshipped Vehumet.
Vehumet was pleased with you.
You visited 1 branch of the dungeon, and saw 6 of its levels.
You also visited: Sewer.

You collected 204 gold pieces.

Inventory:

Hand Weapons
 c - a +0 club
 r - a +0 spear
 t - a +0 whip
 u - a +0 hand axe
 y - a +0 dagger of venom (weapon)
 J - a +2 vampiric rapier
Missiles
 o - 12 poisoned darts (quivered)
Armour
 a - a +0 robe (worn)
 F - a +0 pair of gloves (worn)
Jewellery
 e - an amulet of the acrobat (around neck)
 x - a +6 ring of strength (left hand)
 A - an amulet of faith
 H - a ring of ice
Wands
 q - a wand of charming (7)
Scrolls
 d - 2 scrolls of blinking {unknown}
 g - a scroll of poison {unknown}
 h - 3 scrolls of teleportation {unknown}
 i - 7 scrolls of identify {unknown}
 k - a scroll of silence {unknown}
 m - a scroll of vulnerability {unknown}
 p - 3 scrolls of fear {unknown}
 s - 2 scrolls of noise {unknown}
 C - a scroll of torment {unknown}
 D - a scroll of enchant weapon {unknown}
 G - a scroll of enchant armour {unknown}
 I - a scroll of immolation {unknown}
 K - 2 scrolls of amnesia {unknown}
Potions
 b - a potion of magic
 f - 2 potions of lignification {unknown}
 j - 2 potions of heal wounds {unknown}
 l - a potion of resistance {unknown}
 n - a potion of cancellation {unknown}
 v - 4 potions of curing {unknown}
 w - 3 potions of might {unknown}
 z - a potion of haste {unknown}
 B - 2 potions of attraction {unknown}
 E - a potion of degeneration {unknown}


   Skills:
 - Level 5.0 Fighting
 - Level 2.0 Armour
 - Level 3.0 Dodging
 - Level 2.0 Stealth
 - Level 3.0 Spellcasting
 - Level 4.0 Conjurations
 * Level 7.3 Air Magic
 - Level 2.0 Evocations


You had 3 spell levels left.
You knew the following spells:

 Your Spells              Type           Power      Damage    Failure   Level
a - Shock                 Conj/Air       92%        1d8       1%          1
b - Static Discharge      Conj/Air       23%        3-6/arc   2%          2
c - Swiftness             Air            29%        N/A       2%          3
d - Airstrike             Air            14%        2d(3-19)  8%          4

Your spell library contained the following spells:

 Spells                   Type           Power      Damage    Failure   Level
 Scorch                   Fire           4%         2d5       24%         2
 Ensorcelled Hibernation  Hex/Ice        4%         N/A       24%         2
 Passwall                 Tmut/Erth      1%         N/A       24%         2
 Animate Dead             Necr           2%         N/A       85%         4
 Fireball                 Conj/Fire      4%         3d4       89%         5
 Borgnjor's Vile Clutch   Necr/Erth      1%         N/A       99%         5
 Death Channel            Necr           1%         N/A       100%        6
 Starburst                Conj/Fire      4%         6d4       100%        6
 Ignition                 Fire           1%         3d3       100%        8


Dungeon Overview and Level Annotations

Branches:
Dungeon (6/15)             Temple (0/1) D:6           Sewer (visited)

Altars:
Dithmenos
Elyvilon
Hepliaklqana
Qazlal
Vehumet
Xom


Innate Abilities, Weirdness & Mutations

You have a beak for a mouth.
You have claws for feet.
Your magical nature lets you fly swiftly and evasively.


Message History

Casting: Shock (safe; 1% risk of failure)
Confirm with . or Enter, or press ? or * to list all spells.
Aiming: Shock (safe; 1% risk of failure)
Press: ? - help, Shift-Dir - straight line The zap hits the steam dragon.
The steam dragon is lightly wounded.
The zap misses the steam dragon.
The steam dragon completely misses you. The steam dragon claws you.
Unknown command.
Casting: Shock (safe; 1% risk of failure)
Confirm with . or Enter, or press ? or * to list all spells.
Aiming: Shock (safe; 1% risk of failure)
Press: ? - help, Shift-Dir - straight line The zap hits the steam dragon but does no damage.
The steam dragon is lightly wounded.
The zap misses the steam dragon.
The steam dragon breathes steam at you. The ball of steam hits you!
Casting: Shock (safe; 1% risk of failure)
Confirm with . or Enter, or press ? or * to list all spells.
The steam dragon is struck by an arc of lightning.
The steam dragon is moderately wounded.
You are struck by an arc of lightning.
The steam dragon is struck by an arc of lightning.
The steam dragon is heavily wounded.
The lightning grounds out.
You are engulfed in a cloud of scalding steam.
The steam dragon bites you.
* * * LOW HITPOINT WARNING * * *
The steam dragon closely misses you.
Unknown command.
Casting: Static Discharge (safe; 2% risk of failure)
Confirm with . or Enter, or press ? or * to list all spells.
The steam dragon is struck by an arc of lightning.
The steam dragon is severely wounded.
You are struck by an arc of lightning.
* * * LOW HITPOINT WARNING * * *
The lightning grounds out.
You are engulfed in a cloud of scalding steam.
You die...

.# ##.#
..# ..#
..# # #.#
...##.##.#
#......D§#
##.##.##@#
# #§# #.#
#########
#.#
#.......#
#.#
#.......#
#.# ###
#.......##
#.#...
#........#
##.#.#
#........#
##....#


You could see a steam dragon (catching breath).

Vanquished Creatures
  Eustachio (D:6)
  A black bear (D:6)
  2 scorpions
  2 orc priests (D:4)
  A hound (D:4)
  3 iguanas
  An orc wizard (D:6)
  Robin (D:2)
  A gnoll (D:4)
  9 adders
  5 river rats (Sewer)
  A white imp (D:4)
  An ufetubus (D:4)
  2 worms
  2 dart slugs (D:3)
  19 orcs
  2 bats (D:3)
  4 endoplasms
  9 giant cockroaches
  13 goblins
  8 hobgoblins
  3 jackals (D:1)
  5 quokkas
  10 ball pythons
  8 frilled lizards
  4 kobolds
  10 rats
128 creatures vanquished.

Vanquished Creatures (collateral kills)
  A phantom (D:6)
1 creature vanquished.

Grand Total: 129 creatures vanquished

Notes
Turn   | Place    | Note
-------+----------+-------------------------------------------
     0 | D:1      | Lutefisk the Tengu Air Elementalist began the quest for the
                  | Orb.
     0 | D:1      | Reached XP level 1. HP: 10/10 MP: 4/4
   161 | D:1      | Reached skill level 1 in Fighting
   185 | D:1      | Reached XP level 2. HP: 14/16 MP: 0/6
   366 | D:2      | Found a stormy altar of Qazlal.
   562 | D:2      | Reached XP level 3. HP: 13/22 MP: 0/7
   624 | D:2      | Learned a level 2 spell: Static Discharge
   635 | D:2      | Learned a level 3 spell: Swiftness
   687 | D:2      | Noticed Robin
   701 | D:2      | Killed Robin
   791 | D:2      | Reached XP level 4. HP: 20/28 MP: 3/8
  1055 | D:3      | Found a shimmering altar of Xom.
  1211 | D:4      | Noticed a scorpion
  1276 | D:4      | Killed a scorpion
  1277 | D:4      | Gained mutation: Your magical nature lets you fly swiftly
                  | and evasively. [Tengu growth]
  1277 | D:4      | Reached XP level 5. HP: 28/33 MP: 7/9
  1372 | D:4      | Found a radiant altar of Vehumet.
  1380 | D:4      | Became a worshipper of Vehumet
  1423 | D:4      | Found a hazy altar of Hepliaklqana.
  1424 | D:4      | Found a faded altar of an unknown god.
  1424 | D:4      | Found a faded altar of an unknown god.
  1431 | D:4      | Reached skill level 5 in Air Magic
  1431 | D:4      | Reached XP level 6. HP: 11/38 MP: 0/11
  1432 | D:4      | Found a faded altar of an unknown god.
  1672 | D:4      | Reached skill level 1 in Evocations
  2024 | D:4      | Reached skill level 1 in Armour
  2040 | D:5      | Entered Level 5 of the Dungeon
  2111 | D:5      | Found a glowing drain.
  2114 | D:5      | Reached * piety under Vehumet
  2114 | D:5      | Offered knowledge of Foxfire by Vehumet.
  2132 | Sewer    | Entered a sewer
  2141 | Sewer    | Reached XP level 7. HP: 38/43 MP: 3/12
  2477 | D:5      | Learned a level 4 spell: Airstrike
  2529 | D:5      | Found a white marble altar of Elyvilon.
  2540 | D:5      | Reached skill level 6 in Air Magic
  2677 | D:5      | Offered knowledge of Scorch by Vehumet.
  2754 | D:6      | Noticed Eustachio
  2762 | D:6      | Killed Eustachio
  2763 | D:6      | Reached skill level 5 in Fighting
  2777 | D:6      | Found a staircase to the Ecumenical Temple.
  2804 | D:6      | Reached ** piety under Vehumet
  2831 | D:6      | Found a shadowy altar of Dithmenos.
  2901 | D:6      | Reached skill level 7 in Air Magic
  2901 | D:6      | Reached XP level 8. HP: 30/49 MP: 10/13
  2952 | D:6      | Engulfed by a steam dragon's steam

Illustrated notes

Levels and vault maps discovered:
D:1:      lordsloth_arrival_two_stooges, layout_basic
D:2:      layout_basic, basic_altar,
          dreamdust_ecumenical_altar_hidden_monk_grotto, uniq_robin
D:3:      layout_basic, lemuel_coloured_pillars_altar,
          mainiacjoe_overflow_divided_tiny, kennysheep_generic_room_6
D:4:      minmay_opposing_rooms, layout_basic,
          nicolae_hepliaklqana_ecumenical_no_more, vehumet_crystals,
          minmay_misc_feat_room, dk_vineyard_3, kennysheep_generic_room_15
D:5:      nicolae_cairo_tiling_large, layout_loops_ring, elyvilon_altar_3,
          kennysheep_mini_moat, portal_sewer_entry_f, uniq_edmund
D:6:      layout_loops_corners, nicolae_yredelemnul_ghost_church,
          mainiacjoe_overflow_catwalk, mainiacjoe_overflow_24_doors,
          grunt_dithmenos_shadows, minmay_temple_entry_glassed_door,
          uniq_crazy_yiuf_cottage, uniq_grinder, uniq_eustachio

Skill      XL: |  1  2  3  4  5  6  7 |
---------------+----------------------+-----
Fighting       | 1 2 3 4 5 |  5.0
Conjurations   | 2 3 4 |  4.0
Spellcasting   | 3 |  3.0
Air Magic      | 5 7 |  7.3
Evocations     | 2 |  2.0
Armour         | 1 2 |  2.0
Dodging        | 3 |  3.0
Stealth        | |  2.0

Action                   |  1- 3 |  4- 6 |  7- 9 || total
-------------------------+-------+-------+-------++-------
Melee: Club              |    15 |    12 |       ||    27
       Kick              |     4 |     6 |     3 ||    13
       Unarmed           |     1 |       |       ||     1
       Peck              |     2 |     5 |     4 ||    11
       Punch             |       |     1 |       ||     1
       Hand axe          |       |    11 |       ||    11
       Dagger            |       |    10 |    19 ||    29
Throw: Dart              |       |     5 |     6 ||    11
 Cast: Shock             |    45 |    96 |    35 ||   176
       Static Discharge  |       |     7 |     9 ||    16
Evoke: Wand              |       |       |     1 ||     1
 Stab: Sleeping          |       |     1 |     2 ||     3
Armor: Robe              |     2 |     7 |     1 ||    10
Dodge: Dodged            |    12 |    42 |    27 ||    81
